Map: Mothership LE

Players

AHUNY - Winner!

  • Race: Protoss Protoss
  • Spawn Location: 9:00

VOD

Have the link to the VOD?

Description

Time

  • Played on: April 15, 2026, 12:40 p.m.
  • Length: 21:23
Show
View Real Time Build Order
Export as new Build Order

AHUNY Protoss - Winner!

Build Orders:  

Get SALT Encoding   

  12  0:03  Probe (Chrono Boost)  
  14  0:20  Probe (Chrono Boost)  
  14  0:28  Pylon  
  14  0:37  Probe (Chrono Boost)  
  15  0:50  Probe (Chrono Boost)  
  16  1:01  Probe (Chrono Boost)  
  16  1:05  Gateway  
  17  1:17  Assimilator  
  17  1:24  Probe (Chrono Boost)  
  19  1:41  Probe (Chrono Boost)  
  19  1:58  Probe (Chrono Boost)  
  20  2:20  Cybernetics Core  
  20  2:26  Nexus  
  20  2:46  Assimilator  
  20  3:00  Probe (Chrono Boost)  
  20  3:06  Pylon  
  20  3:11  Probe (Chrono Boost)  
  20  3:19  Stalker  
  21  3:29  Probe (Chrono Boost)  
  24  3:40  Probe (Chrono Boost)  
  25  3:51  Probe (Chrono Boost)  
  25  3:56  Sentry  
  26  4:06  Probe (Chrono Boost)  
  26  4:09  Shield Battery  
  29  4:17  Probe (Chrono Boost)  
  30  4:23  Probe (Chrono Boost)  
  31  4:32  Probe (Chrono Boost)  
  31  4:33  Stargate  
  31  4:37  Probe (Chrono Boost)  
  33  4:42  Warp Gate  
  33  4:43  Probe (Chrono Boost)  
  33  4:48  Probe (Chrono Boost)  
  34  4:55  Probe (Chrono Boost)  
  36  5:00  Probe (Chrono Boost)  
  36  5:01  Pylon  
  37  5:15  Pylon  
  38  5:21  Probe (Chrono Boost)  
  38  5:24  Probe (Chrono Boost)  
  39  5:30  Assimilator  
  39  5:33  Assimilator  
  39  5:38  Probe (Chrono Boost)  
  41  5:40  Probe (Chrono Boost)  
  41  5:42  Void Ray  
  45  5:51  Probe x2 (Chrono Boost)  
  47  6:02  Probe (Chrono Boost)  
  47  6:03  Probe (Chrono Boost)  
  49  6:15  Probe (Chrono Boost)  
  49  6:18  Probe (Chrono Boost)  
  51  6:32  Probe (Chrono Boost)  
  52  7:00  Nexus  
  52  7:04  Void Ray  
  56  7:30  Pylon  
  56  7:51  Adept  
  58  8:04  Gateway  
  58  8:06  Gateway  
  58  8:15  Gateway  
  58  8:35  Pylon  
  58  8:39  Pylon  
  58  8:51  Robotics Facility  
  58  8:59  Twilight Council  
  58  9:10  Forge  
  58  9:11  Forge  
  58  9:38  Void Ray  
  62  9:55  Probe (Chrono Boost)  
  63  10:06  Probe (Chrono Boost)  
  64  10:20  Probe (Chrono Boost)  
  64  10:26  Protoss Ground Weapons Level 1  
  64  10:29  Protoss Shields Level 1  
  65  10:36  Probe (Chrono Boost)  
  65  10:37  Probe (Chrono Boost)  
  67  10:53  Probe (Chrono Boost)  
  67  10:54  Probe (Chrono Boost)  
  70  11:10  Probe (Chrono Boost)  
  70  11:27  Probe (Chrono Boost)  
  71  11:44  Probe (Chrono Boost)  
  72  12:04  Blink  
  72  12:16  Assimilator  
  72  12:36  Assimilator  
  72  12:37  Probe (Chrono Boost)  
  73  12:54  Probe (Chrono Boost)  
  75  13:10  Photon Cannon  
  75  13:11  Probe (Chrono Boost)  
  75  13:28  Probe (Chrono Boost)  
  76  13:30  Pylon  
  76  13:46  Stalker  
  76  13:47  Stalker x2  
  76  13:49  Stalker  
  84  14:15  Phoenix  
  86  14:42  Stargate  
  86  14:43  Stargate  
  86  14:48  Stargate x2  
  86  14:50  Phoenix  
  86  14:52  Stargate  
  86  14:55  Stargate  
  88  15:04  Pylon  
  88  15:05  Pylon  
  88  15:06  Pylon  
  88  15:07  Pylon  
  88  15:10  Pylon  
  88  15:24  Pylon x2  
  88  15:25  Phoenix  
  90  15:43  Protoss Shields Level 2  
  90  15:49  Fleet Beacon  
  90  15:53  Void Ray x2  
  90  15:54  Void Ray x2  
  90  15:55  Void Ray  
  90  15:56  Void Ray  
  90  15:57  Protoss Air Weapons Level 1  
  114  16:01  Void Ray  
  118  16:42  Anion Pulse-Crystals  
  118  17:32  Nexus  
  118  17:40  Assimilator  
  118  17:45  Assimilator  
  118  18:06  Phoenix x2  
  118  18:07  Phoenix x2  
  118  18:08  Phoenix x2  
  130  18:11  Phoenix  
  132  18:36  Pylon  
  132  18:37  Pylon  
  132  18:38  Pylon  
  132  18:39  Pylon  
  132  18:41  Pylon x2  
  132  18:59  Gateway  
  132  19:02  Gateway  
  132  19:08  Gateway  
  132  19:13  Gateway  
  132  19:16  Pylon  
  132  19:32  Unknown  
  136  19:40  Void Ray x4  
  136  19:41  Void Ray  
  136  19:42  Void Ray  
  136  19:47  Void Ray  
Tags
 
Add a new tag
Caveats
  • Supply blocks, unpowered buildings, or Contaminate may cause inaccurate times.
  • Supply counts are checked every 10 seconds.